 Dungeon Crawl Stone Soup version 0.25.1-2-g60ff931df9 (webtiles) character file.

Game seed: 5684943737876271274

169 Delamore the Shield-Bearer (level 5, -3/34 HPs)
             Began as a Gargoyle Fighter on Oct 15, 2020.
             Splashed by a jelly's acid (9 damage)
             ... on level 2 of the Dungeon.
             The game lasted 00:01:52 (1713 turns).

Delamore the Shield-Bearer (Gargoyle Fighter)       Turns: 1713, Time: 00:01:53

Health: -3/34      AC:  0    Str: 20    XL:     5   Next: 50%
Magic:  5/5        EV:  7    Int:  9    God:
Gold:   67         SH:  9    Dex:  9    Spells: 4/4 levels left

rFire    . . .     SeeInvis .   a - +0 flail
rCold    . . .     Gourm    .   c - +0 kite shield
rNeg     + . .     Faith    .   b - +0 scale mail
rPois    ∞         Spirit   .   (no helmet)
rElec    +         Reflect  .   (no cloak)
rCorr    .         Harm     .   (no gloves)
MR       .....                  h - +0 pair of boots
Stlth    ..........             (no amulet)
HPRegen  0.11/turn              g - ring of attention (curse)
MPRegen  0.09/turn              (no ring)

@: corroded
A: negative energy resistance 1, electricity resistance, unbreathing,
petrification resistance, rot immunity, AC +4
a: no special abilities


You were on level 2 of the Dungeon.
You were not hungry.

You visited 1 branch of the dungeon, and saw 2 of its levels.

You collected 67 gold pieces.

Inventory:

Hand Weapons
 a - a +0 flail (weapon)
Missiles
 k - a throwing net (quivered)
Armour
 b - a +0 scale mail (worn)
 c - a +0 kite shield (worn)
 h - a +0 pair of boots (worn)
Jewellery
 g - a cursed ring of attention (left hand)
Scrolls
 m - a scroll of remove curse {unknown}
 p - a scroll of identify {unknown}
 r - 2 scrolls of fear {unknown}
Potions
 d - a potion of might
 l - a potion of invisibility
Comestibles
 f - 3 rations
 i - 3 chunks of flesh


   Skills:
 + Level 4.6 Fighting
 + Level 3.5 Maces & Flails
 - Level 3.2 Armour
 + Level 4.6 Shields


You had 4 spell levels left.
You didn't know any spells.
Your spell library was empty.

Dungeon Overview and Level Annotations

Branches:
Dungeon (2/15)

Altars:
Xom

Annotations:
D:2 Robin


Innate Abilities, Weirdness & Mutations

You are resistant to torment.
Your stone body is resilient. (AC +4)
You are immune to poison.
You resist negative energy. (rN+)
You are resistant to electric shocks. (rElec)
You can survive without breathing.
You are immune to petrification.
You are immune to rotting.


Message History

You are too injured to fight recklessly!
You are too injured to fight recklessly!
You are too injured to fight recklessly!
You are too injured to fight recklessly!
You are too injured to fight recklessly!
You are too injured to fight recklessly!
You are too injured to fight recklessly!
You are too injured to fight recklessly!
You are too injured to fight recklessly!
You hit the jelly but do no damage.
Your hands burn!
* * * LOW HITPOINT WARNING * * *
The jelly is heavily wounded.
The jelly hits you but does no damage.
You thump the jelly! The acid corrodes you!
Your hands burn!
* * * LOW HITPOINT WARNING * * *
The jelly is almost dead.
The jelly hits you.
* * * LOW HITPOINT WARNING * * *
The acid corrodes you!
You are splashed with acid!
You die...

##.))).##
#..
#.......#
#..
#.......#
#..
#..(....#
#...#..
#.......#
#.#.#..
####....#
##.#....
##..'....#
#.......
#.########
#(.##.#.
##(.(.@J##
#..##.#.
#######J#
#..##...
.P÷JJJJ.÷#
#..###).
...P..J..#
#..# #..
...PJJ...#
#..###).
.P.....÷÷#
#.......
.......÷.#
##.####.
$........#
##..#####
##########
###.......#


You could see a jelly and an ooze.

Vanquished Creatures
  A jelly (D:2)
  Jessica (D:2)
  Terence (D:2)
  6 oozes (D:2)
  2 dart slugs
  2 leopard geckos
  6 bats (D:1)
  A giant cockroach (D:2)
  6 goblins
  4 hobgoblins (D:2)
  7 jackals (D:2)
  11 kobolds
  3 frilled lizards (D:1)
  4 rats (D:1)
55 creatures vanquished.

Vanquished Creatures (others)
  A fungus (D:2)
  11 toadstools (D:2)
12 creatures vanquished.

Grand Total: 67 creatures vanquished

Notes
Turn   | Place    | Note
-------+----------+-------------------------------------------
     0 | D:1      | Delamore the Gargoyle Fighter began the quest for the Orb.
     0 | D:1      | Reached XP level 1. HP: 14/14 MP: 1/1
   327 | D:1      | Reached XP level 2. HP: 18/19 MP: 2/2
   754 | D:2      | Reached XP level 3. HP: 24/24 MP: 3/3
   828 | D:2      | Noticed Jessica
   833 | D:2      | Killed Jessica
   848 | D:2      | Reached XP level 4. HP: 18/29 MP: 4/4
   994 | D:2      | Found a shimmering altar of Xom.
  1136 | D:2      | Found a shimmering altar of Xom.
  1139 | D:2      | Found a shimmering altar of Xom.
  1140 | D:2      | Found a shimmering altar of Xom.
  1143 | D:2      | Found a shimmering altar of Xom.
  1179 | D:2      | Noticed Terence
  1204 | D:2      | Noticed Robin
  1205 | D:2      | Killed Terence
  1693 | D:2      | Reached XP level 5. HP: 28/34 MP: 5/5
  1713 | D:2      | Splashed by a jelly's acid

Illustrated notes

Levels and vault maps discovered:
D:1:      mainiacjoe_arrival_reflecting_pool, layout_rooms
D:2:      cheibrodos_fertilizer, layout_basic, xom_redecorated, dk_vineyard_1,
          uniq_robin, uniq_jessica, uniq_terence

Skill      XL: |  1  2  3  4 |
---------------+-------------+-----
Fighting       | 4 |  4.6
Shields        | 4 |  4.6
Maces & Flails | 3 |  3.5
Armour         | |  3.2

Action                   |  1- 3 |  4- 6 || total
-------------------------+-------+-------++-------
Melee: Flail             |   117 |   114 ||   231
  Use: Potion            |       |     5 ||     5
       Scroll            |       |     1 ||     1
  Eat: Chunk             |       |     3 ||     3
Armor: Scale mail        |    94 |   122 ||   216
Dodge: Dodged            |    61 |    77 ||   138
Block: Kite shield       |    86 |   121 ||   207
